 Dungeon Crawl Stone Soup version 0.23-a0-310-gdcc7a32 (webtiles) character file.

46118 Garbasso the Severer (level 14, -9/132 HPs)
             Began as a Deep Dwarf Fighter on Oct 12, 2018.
             Was a High Priest of Makhleb.
             Mangled by Rupert
             ... wielding a +1 great sword of electrocution
              (31 damage)
             ... on level 1 of the Orcish Mines.
             The game lasted 00:56:39 (15588 turns).

Garbasso the Severer (Deep Dwarf Fighter)          Turns: 15588, Time: 00:56:41

Health: -9/132     AC: 21    Str: 23    XL:     14   Next: 3%
Magic:  25/25      EV: 10    Int: 13    God:    Makhleb [*****.]
Gold:   1397       SH: 14    Dex: 12    Spells: 13/13 levels left

rFire    . . .     SeeInvis .   a - +4 broad axe "Dujua" {venom, rC+ rN+ Int+2}
rCold    + . .     Gourm    .   c - +1 shield
rNeg     + + .     Faith    .   l - +0 chain mail
rPois    .         Spirit   .   F - +2 helmet
rElec    .         Reflect  .   s - +2 cloak
rCorr    .         Harm     .   (no gloves)
MR       ++...                  E - +1 pair of boots {run}
Stlth    ..........             (no amulet)
HPRegen  0.00/turn              G - ring of magical power
MPRegen  0.19/turn              j - +2 ring of evasion

@: very slightly contaminated, non-regenerating, quick
A: damage resistance, heal wounds, negative energy resistance 1, sense
surroundings 2, no regeneration
a: Heal Wounds, Minor Destruction, Lesser Servant of Makhleb, Major Destruction,
Greater Servant of Makhleb, Renounce Religion


You were on level 1 of the Orcish Mines.
You worshipped Makhleb.
Makhleb was extremely pleased with you.
You were not hungry.

You visited 4 branches of the dungeon, and saw 19 of its levels.
You also visited: Sewer.

You collected 1397 gold pieces.

Inventory:

Hand Weapons
 a - the +4 broad axe "Dujua" (weapon) {venom, rC+ rN+ Int+2}
   (You acquired it on level 1 of the Lair of Beasts)

   It poisons the flesh of those it strikes.
   It affects your intelligence (+2).
   It protects you from cold.
   It protects you from negative energy.
Armour
 c - a +1 shield (worn)
 l - a +0 chain mail (worn)
 s - a +2 cloak (worn)
 D - a +2 hat of magic resistance
 E - a +1 pair of boots of running (worn)
 F - a +2 helmet (worn)
 L - the +1 leather armour "Paw Vidd" {MR+ Dex+5}
   (You found it on level 5 of the Lair of Beasts)

   It affects your dexterity (+5).
   It affects your resistance to hostile enchantments.
Jewellery
 j - a +2 ring of evasion (right hand)
 G - a ring of magical power (left hand)
 J - an uncursed ring of flight
 M - an uncursed ring of magical power
Wands
 m - a wand of enslavement (25)
 q - a wand of acid (12)
 u - a wand of iceblast (5)
 C - a wand of disintegration (41)
 K - a wand of clouds (6)
Scrolls
 b - a scroll of remove curse
 e - 5 scrolls of enchant weapon
 k - 11 scrolls of enchant armour
 n - 4 scrolls of fear
 w - 8 scrolls of amnesia
 A - 2 scrolls of teleportation
 H - a scroll of fog
Potions
 d - 4 potions of might
 g - 2 potions of lignification
 h - 8 potions of heal wounds
 i - 5 potions of magic
 o - 2 potions of haste
 p - 2 potions of agility
 r - 3 potions of invisibility
 t - 5 potions of flight
 x - 2 potions of mutation
 z - 3 potions of curing
 N - a potion of brilliance
Miscellaneous
 I - a lightning rod (4/4)
Comestibles
 f - 34 rations


   Skills:
 + Level 10.0 Fighting
 * Level 15.5 Axes
 + Level 11.6 Armour
 + Level 11.7 Shields
 + Level 9.3 Invocations
 - Level 6.6 Evocations


You had 13 spell levels left.
You didn't know any spells.
Your spell library contained the following spells:

 Spells                   Type           Power        Failure   Level  Hunger
 Confusing Touch          Hex            #.....       94%         1    ##.....
 Freeze                   Ice            #...         94%         1    ##.....
 Sandblast                Erth           #.....       94%         1    ##.....
 Summon Small Mammal      Summ           #...         94%         1    ##.....
 Call Imp                 Summ           #.......     98%         2    ###....
 Passwall                 Tmut/Erth      #.......     98%         2    ###....
 Throw Frost              Conj/Ice       #.....       98%         2    ###....
 Call Canine Familiar     Summ           #.......     100%        3    ####...
 Confuse                  Hex            #.......     100%        3    ####...
 Gell's Gravitas          Tloc           #.........   100%        3    ####...
 Ignite Poison            Fire/Tmut/Pois #.......     100%        3    ####...
 Ozocubu's Armour         Chrm/Ice       #.......     100%        3    ####...
 Stone Arrow              Conj/Erth      #.....       100%        3    ####...
 Summon Guardian Golem    Hex/Summ       #.......     100%        3    ####...
 Cause Fear               Hex            #.........   100%        4    #####..
 Petrify                  Tmut/Erth      #.......     100%        4    #####..
 Summon Ice Beast         Ice/Summ       #.......     100%        4    #####..
 Summon Lightning Spire   Summ/Air       #.......     100%        4    #####..
 Throw Icicle             Conj/Ice       #.......     100%        4    #####..
 Bolt of Magma            Conj/Fire/Erth #.........   100%        5    ######.
 Fireball                 Conj/Fire      #.........   100%        5    ######.
 Iskenderun's Battlesphe  Conj/Chrm      #.......     100%        5    ######.
 Lee's Rapid Deconstruct  Erth           #.........   100%        5    ######.
 Metabolic Englaciation   Hex/Ice        #.........   100%        5    ######.
 Silence                  Hex/Air        #.........   100%        5    ######.
 Venom Bolt               Conj/Pois      #.........   100%        5    ######.
 Yara's Violent Unravell  Hex/Tmut       #.........   100%        5    ######.
 Bolt of Fire             Conj/Fire      #.........   100%        6    #######
 Deflect Missiles         Chrm/Air       #.........   100%        6    #######
 Iron Shot                Conj/Erth      #.........   100%        6    #######
 Orb of Destruction       Conj           #.........   100%        7    #######
 Ring of Flames           Chrm/Fire      #.........   100%        7    #######
 Spellforged Servitor     Conj/Summ      #.........   100%        7    #######
 Discord                  Hex            #.........   100%        8    #######
 Ignition                 Fire           #.........   100%        8    #######


Dungeon Overview and Level Annotations

Branches:
Dungeon (10/15)            Temple (1/1) D:5            Lair (6/6) D:8
  Swamp (0/4) Lair:4       Spider (0/4) Lair:3        Slime (0/5) Lair:6
    Orc (2/2) D:10            Elf (0/3) Orc:2

Altars:
Ashenzari
Cheibriados
Dithmenos
Elyvilon
Fedhas
Hepliaklqana
Kikubaaqudgha
Makhleb
Nemelex Xobeh
Okawaru
Qazlal
Ru
Sif Muna
Trog
Uskayaw
Vehumet
Yredelemnul
Zin
The Shining One
Beogh

Shops:
D:10 [

Annotations:
D:5 2 runed doors, NorthaanB's ghost, novice OpAs
D:7 3 runed doors, coffeespoons's ghost, novice TrMo
Orc:1 Rupert
Orc:2 Azrael; Snorg


Innate Abilities, Weirdness & Mutations

You are resistant to damage.
You can heal yourself by infusing magical energy.
You resist negative energy. (rN+)
You passively map the area around you.
You do not regenerate.


Message History

You destroy the fire elemental!
Makhleb accepts your kill.
You feel better.
The iceblast engulfs Rupert.
Rupert is lightly wounded.
The iceblast engulfs your smoke demon.
Your smoke demon is almost dead.
The smoke demon roars!
The smoke demon is engulfed in blazing flames.
Unknown command.
Evoke which item? (* to show all) (? for menu, Esc to quit)
Aiming: Cloud Cone
Press: ? - help, Dir - move target cursor, f - Rupert
Aim: Rupert, wielding a great sword of electrocution and wearing a chain mail You create a blast of freezing vapour!
Rupert is engulfed in freezing vapours.
The smoke demon is engulfed in freezing vapours.
You kill the smoke demon!
Rupert is engulfed in freezing vapours.
Rupert is engulfed in freezing vapours.
Rupert hits you with a great sword of electrocution!!
You die...

##.####..§....#
####.#... ###
#...§..### #......
##...### ##.#...
##..## ####.#
#....##### ### #####
#####....#..## #
#.#.###.#[.........# #
##....#..[[..@....##
##...8...)....@....#
#.......).........##
##...8.............#
#........[.##.....##
#........[[.###...###
#..._.......###.....##
#..........#.###.....#
#............###....##
#....8........#.....#


You could see Rupert (berserk).

Vanquished Creatures
  Josephine (Lair:4)
  2 hydras
  Harold (Lair:2)
  3 catoblepae (Lair:6)
  2 two-headed ogres
  8 death yaks
  The ghost of Ijustatesigmund the Timeless, a novice OpWz of Cheibriados (D:9)
  An orc knight (Orc:1)
  An orc sorcerer (Orc:1)
  2 manticores (Lair:6)
  5 black mambas
  7 komodo dragons
  3 rime drakes
  8 spiny frogs
  2 trolls (D:10)
  A queen bee (Lair:3)
  2 polar bears
  3 hippogriffs
  6 blink frogs
  A slime creature (Lair:6)
  Sigmund (D:5)
  4 wraiths (Lair:4)
  52 yaks
  3 wyverns
  2 basilisks
  A hungry ghost (D:7)
  A fire elemental (Orc:1)
  10 water moccasins
  10 porcupines
  Purgy (Sewer)
  A hell hound (Orc:2)
  11 orc warriors
  5 sky beasts
  9 ogres
  9 wolves
  12 crocodiles
  6 centaurs
  2 big kobolds
  14 bullfrogs
  A wyvern skeleton (D:7)
  4 scorpions
  15 killer bees (Lair:3)
  A howler monkey (D:5)
  3 electric eels
  6 crimson imps
  A centaur zombie (D:8)
  2 quasits
  7 jellies
  A centaur skeleton (D:10)
  3 hounds
  Crazy Yiuf (D:4)
  15 orc priests
  A gnoll shaman (D:10)
  2 iguanas
  14 orc wizards
  3 worker ants
  A killer bee zombie (D:8)
  A hound zombie (D:10)
  10 gnolls
  11 adders
  4 river rats (D:5)
  An ooze (D:1)
  An adder skeleton (D:2)
  An adder zombie (D:8)
  4 dart slugs
  2 worms
  2 leopard geckos
  64 orcs
  10 giant cockroaches
  11 goblins
  13 hobgoblins
  12 jackals
  5 quokkas
  A ball python (D:2)
  8 bats
  3 frilled lizards
  19 kobolds
  5 rats
  6 bushes (Lair:4)
  2 fungi
  5 plants
496 creatures vanquished.

Vanquished Creatures (collateral kills)
  A hydra (Lair:1)
  3 death yaks
  Nergalle (Lair:3)
  Sonja (Lair:1)
  A torpor snail (Lair:5)
  A spiny frog (Lair:6)
  A komodo dragon (Lair:6)
  2 blink frogs (Lair:6)
  4 dream sheep (Lair:6)
  9 yaks
  A porcupine (Lair:2)
  A wolf (Lair:5)
  2 bullfrogs
  A centaur zombie (D:9)
  An orc priest (Orc:2)
  An orc wizard (Orc:2)
  3 orcs
  2 fungi
  A plant (Lair:3)
37 creatures vanquished.

Vanquished Creatures (others)
  An ice beast (D:6)
  6 fungi
  8 plants
15 creatures vanquished.

Grand Total: 548 creatures vanquished

Notes
Turn   | Place    | Note
-------+----------+-------------------------------------------
     0 | D:1      | Garbasso the Deep Dwarf Fighter began the quest for the
                  | Orb.
     0 | D:1      | Reached XP level 1. HP: 20/20 MP: 1/1
   208 | D:1      | Reached XP level 2. HP: 24/27 MP: 2/2
   293 | D:1      | Reached skill level 3 in Axes
   526 | D:1      | Reached XP level 3. HP: 29/34 MP: 3/3
  2059 | D:2      | Reached XP level 4. HP: 34/42 MP: 4/4
  2416 | D:3      | Reached skill level 4 in Axes
  3067 | D:4      | Found a runed door.
  3119 | D:4      | Reached XP level 5. HP: 10/49 MP: 5/5
  3171 | D:4      | Found a white marble altar of Elyvilon.
  3379 | D:4      | Found a hide-covered altar of Uskayaw.
  3493 | D:4      | Reached skill level 5 in Axes
  3493 | D:4      | Reached XP level 6. HP: 48/57 MP: 5/5
  3674 | D:4      | Noticed Crazy Yiuf
  3684 | D:4      | Killed Crazy Yiuf
  3749 | D:5      | Entered Level 5 of the Dungeon
  3906 | D:5      | Noticed Sigmund
  3916 | D:5      | Killed Sigmund
  3928 | D:5      | Noticed a sky beast
  3946 | D:5      | Killed a sky beast
  3946 | D:5      | Reached skill level 5 in Shields
  3946 | D:5      | Reached XP level 7. HP: 33/64 MP: 6/6
  3947 | D:5      | Reached skill level 6 in Axes
  3975 | D:5      | Found a runed door.
  3977 | D:5      | Noticed NorthaanB's ghost (novice OpAs)
  4092 | D:5      | Found a glowing drain.
  4125 | Sewer    | Entered a sewer
  4168 | Sewer    | Noticed Purgy
  4187 | Sewer    | Killed Purgy
  4412 | D:5      | Found a staircase to the Ecumenical Temple.
  4421 | Temple   | Entered the Ecumenical Temple
  4527 | Temple   | Became a worshipper of Makhleb the Destroyer
  4788 | D:5      | Reached skill level 5 in Armour
  4807 | D:5      | Found a runed door.
  5141 | D:5      | Reached skill level 7 in Axes
  5141 | D:5      | Reached XP level 8. HP: 34/73 MP: 7/7
  5299 | D:6      | Reached skill level 5 in Fighting
  5498 | D:6      | Reached * piety under Makhleb
  5585 | D:7      | Reached skill level 8 in Axes
  5647 | D:7      | Found a runed gate.
  5647 | D:7      | Found a runed gate.
  5649 | D:7      | Found a runed gate.
  5675 | D:7      | Noticed coffeespoons's ghost (novice TrMo)
  5930 | D:7      | Found the +7 lajatang of Order {silver, rMut}
  5931 | D:7      | Noticed a hippogriff
  5948 | D:7      | Killed a hippogriff
  5948 | D:7      | Gained mutation: You passively map the area around you.
                  | [Deep Dwarf growth]
  5948 | D:7      | Reached XP level 9. HP: 11/81 MP: 7/7
  6310 | D:7      | Reached skill level 9 in Axes
  6413 | D:8      | Reached skill level 1 in Invocations
  6483 | D:8      | Noticed a two-headed ogre
  6498 | D:8      | Reached ** piety under Makhleb
  6500 | D:8      | Killed a two-headed ogre
  6506 | D:8      | Reached skill level 10 in Axes
  6685 | D:8      | Reached XP level 10. HP: 88/92 MP: 10/10
  6917 | D:8      | Found a staircase to the Lair.
  7005 | Lair:1   | Entered Level 1 of the Lair of Beasts
  7129 | Lair:1   | Noticed a black mamba
  7131 | Lair:1   | Killed a black mamba
  7133 | Lair:1   | Noticed a spiny frog
  7138 | Lair:1   | Killed a spiny frog
  7223 | Lair:1   | Reached *** piety under Makhleb
  7273 | Lair:1   | Noticed a spiny frog
  7293 | Lair:1   | Killed a spiny frog
  7293 | Lair:1   | Reached skill level 5 in Invocations
  7296 | Lair:1   | Identified 3 scrolls of acquirement
  7304 | Lair:1   | Got an encrusted broad axe
  7305 | Lair:1   | Identified the +4 broad axe "Dujua" {venom, rC+ rN+ Int+2}
                  | (You acquired it on level 1 of the Lair of Beasts)
  7316 | Lair:1   | Identified a +1 pair of boots of running (You acquired it
                  | on level 1 of the Lair of Beasts)
  7393 | Lair:1   | Noticed a six-headed hydra
  7403 | Lair:1   | Killed a nine-headed hydra
  7403 | Lair:1   | Reached skill level 11 in Axes
  7443 | Lair:1   | Noticed a spiny frog
  7446 | Lair:1   | Killed a spiny frog
  7578 | Lair:1   | Reached XP level 11. HP: 87/100 MP: 11/11
  8134 | Lair:1   | Noticed Sonja
  8146 | Lair:1   | Killed Sonja
  8186 | Lair:2   | Reached skill level 12 in Axes
  8189 | Lair:2   | Noticed Harold
  8206 | Lair:2   | Killed Harold
  8396 | Lair:2   | Reached skill level 1 in Evocations
  9072 | Lair:3   | Noticed a death yak
  9072 | Lair:3   | Noticed a death yak
  9072 | Lair:3   | Noticed a death yak
  9083 | Lair:3   | Killed a death yak
  9092 | Lair:3   | Killed a death yak
  9095 | Lair:3   | Killed a death yak
  9236 | Lair:3   | Found a hole to the Spider Nest.
  9280 | Lair:3   | Reached XP level 12. HP: 83/111 MP: 13/13
  9691 | Lair:3   | Reached skill level 13 in Axes
  9854 | Lair:3   | Noticed Nergalle
  9868 | Lair:3   | Killed Nergalle
 10180 | Lair:4   | Reached skill level 10 in Shields
 10209 | Lair:4   | Noticed a four-headed hydra
 10221 | Lair:4   | Killed an eight-headed hydra
 10448 | Lair:4   | Reached skill level 5 in Evocations
 10463 | Lair:4   | Found a staircase to the Swamp.
 10483 | Lair:4   | Reached skill level 10 in Armour
 10486 | Lair:4   | Reached **** piety under Makhleb
 10882 | Lair:4   | Noticed Josephine
 10898 | Lair:4   | Killed Josephine
 11233 | Lair:5   | Noticed a seven-headed hydra
 11240 | Lair:5   | Killed a nine-headed hydra
 11245 | Lair:5   | Got a jewelled leather armour
 11263 | Lair:5   | Identified the +1 leather armour "Paw Vidd" {MR+ Dex+5}
                  | (You found it on level 5 of the Lair of Beasts)
 11404 | Lair:5   | Reached skill level 14 in Axes
 11872 | Lair:6   | Entered Level 6 of the Lair of Beasts
 11902 | Lair:6   | Found a staircase to the Slime Pits.
 12071 | Lair:6   | Reached XP level 13. HP: 116/121 MP: 13/13
 13233 | D:9      | Reached skill level 15 in Axes
 13315 | D:9      | Reached ***** piety under Makhleb
 13545 | D:9      | Found a runed gate.
 13546 | D:9      | Found a runed gate.
 13547 | D:9      | Found a runed gate.
 13547 | D:9      | Noticed Ijustatesigmund's ghost (novice OpWz)
 13573 | D:9      | Killed Ijustatesigmund's ghost
 13689 | D:9      | Found a sparkling altar of Nemelex Xobeh.
 13894 | D:10     | Entered Level 10 of the Dungeon
 14269 | D:10     | Found a staircase to the Orcish Mines.
 14499 | D:10     | Reached skill level 10 in Fighting
 14690 | D:10     | Found a glowing golden altar of the Shining One.
 14708 | D:10     | Found Mihuv's Antique Armour Shop.
 14779 | D:10     | Found a hazy altar of Hepliaklqana.
 14969 | Orc:1    | Entered Level 1 of the Orcish Mines
 15116 | Orc:1    | Found a roughly hewn altar of Beogh.
 15185 | Orc:1    | Gained mutation: You resist negative energy. (rN+) [Deep
                  | Dwarf growth]
 15185 | Orc:1    | Reached XP level 14. HP: 132/132 MP: 15/15
 15187 | Orc:1    | Found a roughly hewn altar of Beogh.
 15559 | Orc:2    | Entered Level 2 of the Orcish Mines
 15559 | Orc:2    | Noticed Rupert
 15562 | Orc:2    | Noticed Snorg
 15563 | Orc:2    | Noticed Azrael
 15588 | Orc:1    | Mangled by Rupert

Vault maps used:
D:1:      dpeg_arrival_chase, minmay_misc_feat_doors
D:4:      lemuel_crystal_altar, elyvilon_altar_1, uniq_crazy_yiuf_cottage
D:5:      minmay_temple_entry_purple_smoke, ebering_ghost_sewer_f, first_ration,
          portal_sewer_entry_a, kennysheep_nondescript, uniq_sigmund
D:6:      lemuel_insect_pit, lemuel_flamethrower_2
D:7:      ebering_ghost_rock_garden
D:8:      lair_entry_dummy
D:9:      argonaut_augean_stables, ebering_ghost_rock_garden,
          nemelex_lonely_heart_becter
D:10:     wad_woods_settlement, serial_shops, shop, hangedman_feature_mirror
Temple:   minmay_crystal_snake_temple
Lair:1:   serial_bayou_pond_a, beast_lair_carwin_4, serial_bayou_shore_b,
          uniq_sonja
Lair:2:   hangedman_lair_unloving_vines, wad_woods_river_04, uniq_harold
Lair:3:   dummy_spider_entry, special_room, lemuel_fruit_tree,
          infiniplex_staircase_pool, uniq_nergalle
Lair:4:   swamp_mist, serial_forest, infiniplex_forest_straight_2,
          infiniplex_forest_corner_2, infiniplex_forest_lined_3_way,
          infiniplex_forest_end_1, infiniplex_forest_diagonal, uniq_josephine
Lair:6:   evilmike_catoblepas_cave, minmay_slime_entry_pillars
Orc:1:    nicolae_orc_accident_2, basic_altar
Orc:2:    st_orc_open, basic_altar, uniq_snorg, uniq_azrael, uniq_urug,
          uniq_rupert
Sewer:    kennysheep_door_sewer

Skill      XL: |  1  2  3  4  5  6  7  8  9 10 11 12 13 |
---------------+----------------------------------------+-----
Axes           | 3 4 5 7 8 10 11 12 14 15 | 15.5
Fighting       | 3 4 5 6 7 8 9 10 | 10.0
Shields        | 4 5 6 7 8 9 10 11 | 11.7
Armour         | 4 5 6 7 8 9 10 11 | 11.6
Invocations    | 3 6 7 9 |  9.3
Evocations     | 3 6 |  6.6

Action                   |  1- 3 |  4- 6 |  7- 9 | 10-12 | 13-15 || total
-------------------------+-------+-------+-------+-------+-------++-------
Melee: War axe           |   139 |   151 |   338 |    52 |       ||   680
       Broad axe         |       |       |       |   441 |   420 ||   861
Throw: Javelin           |       |       |     2 |       |       ||     2
Invok: Minor Destruction |       |       |       |    86 |     9 ||    95
       Lesser Servant of |       |       |       |    17 |    13 ||    30
       Major Destruction |       |       |       |     1 |       ||     1
 Abil: Heal Wounds       |       |     3 |    11 |    17 |       ||    31
Evoke: Wand              |       |     3 |     7 |       |     2 ||    12
  Use: Scroll            |       |     9 |       |     8 |    14 ||    31
       Potion            |       |       |       |     2 |       ||     2
 Stab: Distracted        |       |       |       |     2 |     3 ||     5
  Eat: Chunk             |     1 |     6 |     8 |    17 |     7 ||    39
       Ration            |     1 |       |     3 |       |     1 ||     5
Armor: Scale mail        |    18 |       |       |       |       ||    18
       Chain mail        |    41 |    69 |   208 |   272 |   135 ||   725
Dodge: Dodged            |    37 |    22 |    87 |   118 |    76 ||   340
Block: Shield            |    77 |    72 |   246 |   333 |   226 ||   954

Table legend:
 A = Non-vault XP
 B = Vault XP
 C = Vault XP percentage of total XP
 D = Non-vault monster count
 E = Vault monster count
 F = Vault count percentage of total count
                 A         B        C        D         E       F
            +---------+---------+-------+---------+---------+-------
      Total |   42037 |   23847 |  36.2 |     416 |     101 |  19.5
            +---------+---------+-------+---------+---------+-------
        D:1 |      68 |       0 |   0.0 |      34 |       0 |   0.0
        D:2 |      31 |       0 |   0.0 |      14 |       0 |   0.0
        D:3 |      69 |       0 |   0.0 |      16 |       0 |   0.0
        D:4 |     259 |      41 |  13.7 |      22 |       1 |   4.3
        D:5 |     686 |     282 |  29.1 |      17 |       9 |  34.6
        D:6 |     475 |       0 |   0.0 |      15 |       0 |   0.0
        D:7 |    1308 |       0 |   0.0 |      23 |       0 |   0.0
        D:8 |    2472 |       0 |   0.0 |      37 |       0 |   0.0
        D:9 |    1859 |    4209 |  69.4 |      29 |      15 |  34.1
       D:10 |    3052 |    1279 |  29.5 |      43 |       8 |  15.7
     Lair:1 |    6860 |    1020 |  12.9 |      27 |       6 |  18.2
     Lair:2 |    4475 |     756 |  14.5 |      25 |       1 |   3.8
     Lair:3 |    3342 |    1806 |  35.1 |      11 |      17 |  60.7
     Lair:4 |    4815 |    1898 |  28.3 |      22 |       5 |  18.5
     Lair:5 |    4343 |       0 |   0.0 |      18 |       0 |   0.0
     Lair:6 |    5996 |   11317 |  65.4 |      27 |      27 |  50.0
      Orc:1 |    1760 |     955 |  35.2 |      32 |       5 |  13.5
      Orc:2 |     167 |     137 |  45.1 |       4 |       1 |  20.0
      Sewer |       0 |     147 | 100.0 |       0 |       6 | 100.0
            +---------+---------+-------+---------+---------+-------
